 Dungeon Crawl Stone Soup version 0.29-a0-721-g7f417c9bbb (webtiles) character file.

Game seed: 7866426424000289213

144 zeratav the Shooter (level 5, -3/25 HPs)
             Began as a Spriggan Arcane Marksman on June 27, 2022.
             Killed by divine providence
             ... invoked by an orc priest
              (12 damage)
             ... on level 3 of the Dungeon.
             The game lasted 00:02:14 (2161 turns).

zeratav the Shooter (Spriggan Arcane Marksman)      Turns: 2161, Time: 00:02:15

Health: -3/25      AC:  2    Str:  6    XL:     5   Next: 5%
Magic:  8/8        EV: 17    Int: 20    God:
Gold:   135        SH:  0    Dex: 18    Spells: 5/6 levels left

rFire   . . .      SeeInvis +   a - +0 sling
rCold   . . .      Faith    .   (no shield)
rNeg    . . .      Spirit   .   c - +0 robe
rPois   .          Reflect  .   (helmet restricted)
rElec   .          Harm     .   (no cloak)
rCorr   .          Rampage  .   (gloves unavailable)
Will    .....                   (boots unavailable)
Stlth   ++........              (no amulet)
HPRegen 0.08/turn               n - +6 ring of intelligence
MPRegen 0.11/turn               (no ring)

@: very quick
A: very small, no large weapons, unfitting armour, see invisible, speed 3
a: no special abilities


You were on level 3 of the Dungeon.
You visited 1 branch of the dungeon, and saw 3 of its levels.

You collected 135 gold pieces.


Innate Abilities, Weirdness & Mutations

You are very small and have problems with some larger weapons.
You are too small for most types of armour.
You have supernaturally acute eyesight. (SInv)
You cover ground extremely quickly. (Speed+++)


   Skills:
 - Level 0.7 Fighting
 + Level 6.4 Ranged Weapons
 - Level 2.6 Dodging
 - Level 1.3 Spellcasting
 - Level 3.6 Hexes


You had 5 spell levels left.
You knew the following spells:

 Your Spells              Type           Power      Damage    Failure   Level
a - Slow                  Hex            60%        N/A       3%          1

Your spell library contained the following spells:

 Spells                   Type           Power      Damage    Failure   Level
 Inner Flame              Hex/Fire       8%         N/A       24%         3
 Portal Projectile        Hex/Tloc       16%        N/A       24%         3
 Poisonous Vapours        Pois/Air       2%         N/A       26%         2
 Cause Fear               Hex            7%         N/A       36%         4
 Ignite Poison            Fire/Tmut/Pois 1%         N/A       45%         3
 Spider Form              Tmut/Pois      1%         N/A       45%         3
 Alistair's Intoxication  Tmut/Pois      0%         N/A       99%         5
 Dispersal                Tloc           0%         N/A       100%        6
 Disjunction              Tloc           0%         N/A       100%        8

Inventory:

Hand Weapons
 a - a +0 sling (weapon)
 o - a +2 dagger of flaming {short}
   (You found it on level 2 of the Dungeon)
Armour
 c - a +0 robe (worn)
Jewellery
 n - a +6 ring of intelligence (left hand)
   (You found it on level 2 of the Dungeon)
Scrolls
 b - 2 scrolls of vulnerability {!r!r}
 d - a scroll of magic mapping {unknown}
 e - a scroll of noise {unknown}
 g - a scroll of fear {unknown}
 h - a scroll of identify {unknown}
 i - a scroll of fog {unknown}
 l - a scroll of amnesia {unknown}
 p - a scroll of teleportation {unknown}
 q - a scroll of blinking {unknown}
Potions
 f - a potion of lignification {unknown}
 j - a potion of heal wounds {unknown}
 k - a potion of curing {unknown}
 m - a potion of brilliance {unknown}

Dungeon Overview and Level Annotations

Branches:
Dungeon (3/15) Zot: 16267

Altars:
Xom

###+#.#.# #.....#.#
#.....#.#
####.....#.#####..
#.................
...###....#.#####.
#..................
.##.#..#.###).#.#..
#.....@.o.o....
#...#..##...#.#
#...#).# ..#.#
#...#..#


oo# # ........# ..# K#.#.#.## ... # #. You could see an orc priest and an orc
wizard (invisible).


Message History

You shoot a sling bullet. The sling bullet hits the orc.
You shoot a sling bullet.
The sling bullet closely misses the orc.
You shoot a sling bullet. The sling bullet hits the orc.
The orc barely misses you.
You shoot a sling bullet. The sling bullet hits the orc.
You kill the orc!
You have reached level 5!
You feel agile.
HP[+4] MP[+1]
You now have 25 max hp (+4).
Your hp is fully restored (25).
Your mp is fully restored (8).
You shoot a sling bullet.
The sling bullet hits the orc but does no damage.
The orc hits you with a +0 flail.
HP[-4]
You take 4 damage, and now have 21/25 hp.
You shoot a sling bullet.
The sling bullet closely misses the orc.
The orc closely misses you.
You shoot a sling bullet. The sling bullet hits the orc.
An orc comes into view. It is wielding a +0 falchion.
The orc hits you with a +0 flail.
HP[-6]
You take 6 damage, and now have 15/25 hp.
MASSIVE DAMAGE!! (PAUSE)
You shoot a sling bullet. The sling bullet hits the orc.
You kill the orc!
You shoot a sling bullet. The sling bullet hits the orc.
You shoot a sling bullet. The sling bullet hits the orc.
You kill the orc!
No target in view!
No target in view!
No target in view!
Things that are here:
a +0 flail {mace}; a +0 club {mace}; an orc corpse HP[+10]
Your hp is fully restored (25).
Things that are here:
a +0 short sword {short}; a +0 dagger {short}; an orc corpse
Things that are here:
a +0 falchion {long}; a +0 leather armour
Things that are here:
a +0 short sword {short}; a +0 dagger {short}; an orc corpse
Things that are here:
a +0 flail {mace}; a +0 club {mace}; an orc corpse A rat comes into view.
Things that are here:
a +0 hand axe {axe}; an orc corpse You shoot a sling bullet.
The sling bullet hits the rat but does no damage.
You shoot a sling bullet. The sling bullet barely misses the rat.
You shoot a sling bullet.
The sling bullet hits the rat but does no damage.
You shoot a sling bullet. The sling bullet hits the rat.
You kill the rat!
No target in view!
No target in view!
You see here a rat corpse.
q - a scroll labelled RUSIER BIYWA An orc priest comes into view.
It is wielding a +0 short sword.
An orc comes into view. It is wielding a +0 whip.
You shoot a sling bullet. The orc shouts!
The sling bullet hits the orc.
An orc wizard comes into view. It is wielding a +0 dagger.
You shoot a sling bullet. The orc wizard shouts!
The sling bullet hits the orc wizard.
The orc wizard casts a spell.
The orc wizard flickers and vanishes for a moment.
You shoot a sling bullet. The sling bullet hits the orc!
You kill the orc!
The orc priest invokes the aid of Beogh against you.
Beogh smites you!
HP[-7]
You take 7 damage, and now have 18/25 hp.
MASSIVE DAMAGE!! (PAUSE)
You shoot a sling bullet. The sling bullet hits the orc wizard.
An orc comes into view. It is wielding a +0 dagger.
You shoot a sling bullet. The orc shouts!
The sling bullet hits the orc wizard.
The orc wizard casts a spell at you. The puff of flame hits you!
* * * LOW HITPOINT WARNING * * *
HP[-9]
You take 9 damage, and now have 9/25 hp.
MASSIVE DAMAGE!! (PAUSE)
You are too injured to fight recklessly!
You are too injured to fight recklessly!
You are too injured to fight recklessly!
The orc wizard points at you and mumbles some strange words.
You easily resist.
A kobold comes into view. It is wielding a +0 short sword.
The kobold moves out of view.
There is a stone staircase leading up here.
The orc priest calls down the wrath of Beogh upon you.
Beogh smites you!
You die...

Skill      XL: |  1  2  3  4 |
---------------+-------------+-----
Ranged Weapons | 3 4 5 6 |  6.4
Fighting       | |  0.7
Dodging        | |  2.6
Spellcasting   | |  1.3
Hexes          | |  3.6

Action                   |  1- 3 |  4- 6 || total
-------------------------+-------+-------++-------
 Fire: Sling             |    79 |    72 ||   151
 Cast: Slow              |     2 |       ||     2
Armor: Robe              |       |     1 ||     1
Dodge: Dodged            |    22 |    11 ||    33

Levels and vault maps discovered:
D:1:      tarquinn_simple_flora_water_a, layout_rooms, chequers_avenue
D:2:      layout_loops_cross, basic_altar,
          dreamdust_ecumenical_altar_drowned_temple, minmay_misc_feat_doors,
          grunt_decor_arrowhead, mrwooster_statue_mirror
D:3:      layout_basic, ebering_ghost_disaster_area, serial_shops, shop,
          minmay_distorted

Notes
Turn   | Place    | Note
-------+----------+-------------------------------------------
     0 | D:1      | zeratav the Spriggan Arcane Marksman began the quest for
                  | the Orb.
     0 | D:1      | Reached XP level 1. HP: 9/9 MP: 3/3
     0 | D:1      | magus.rc [v1.9.6]
     7 | D:1      | You add the spells Poisonous Vapours, Ignite Poison, Spider
                  | Form and Alistair's Intoxication to your library.
     7 | D:1      | Got Sif Muna's Tome of Contamination
    65 | D:1      | You pick up a book of the Warp and begin reading...
    65 | D:1      | You add the spells Dispersal and Disjunction to your
                  | library.
   109 | D:1      | Reached skill level 3 in Ranged Weapons
   319 | D:1      | Reached XP level 2. HP: 14/14 MP: 5/5
   756 | D:2      | Reached skill level 4 in Ranged Weapons
   791 | D:2      | Reached XP level 3. HP: 8/17 MP: 4/6
   994 | D:1      | Reached skill level 5 in Ranged Weapons
  1314 | D:2      | Reached XP level 4. HP: 21/21 MP: 7/7
  1578 | D:2      | Found a shimmering altar of Xom.
  1740 | D:2      | Found a faded altar of an unknown god.
  1934 | D:3      | Reached skill level 6 in Ranged Weapons
  1948 | D:3      | Reached XP level 5. HP: 25/25 MP: 8/8
  2161 | D:3      | Killed from afar by an orc priest

Vanquished Creatures
  A howler monkey (D:3)
  2 adders (D:2)
  4 gnolls
  7 orcs (D:3)
  2 bats (D:2)
  3 endoplasms
  4 goblins
  4 hobgoblins
  3 kobolds
  3 quokkas
  A ball python (D:1)
  2 frilled lizards (D:2)
  5 rats
  A spectral goblin (D:2)
42 creatures vanquished.

Table legend:
 A = Non-vault XP
 B = Vault XP
 C = Vault XP percentage of total XP
 D = Non-vault monster count
 E = Vault monster count
 F = Vault count percentage of total count
                 A         B        C        D         E       F
            +---------+---------+-------+---------+---------+-------
      Total |     203 |       3 |   1.5 |      39 |       3 |   7.1
            +---------+---------+-------+---------+---------+-------
        D:1 |      49 |       0 |   0.0 |      13 |       0 |   0.0
        D:2 |      74 |       1 |   1.3 |      15 |       1 |   6.2
        D:3 |      80 |       2 |   2.4 |      11 |       2 |  15.4
            +---------+---------+-------+---------+---------+-------

Illustrated notes

Table legend:
 A = Kills in this place as a percentage of kills in entire the game.
 B = Kills by you in this place as a percentage of kills by you in the entire game.
 C = Kills by friends in this place as a percentage of kills by friends in the entire game.
 D = Other kills in this place as a percentage of other kills in the entire game.
 E = Experience gained in this place as a percentage of experience gained in the entire game.
 F = Experience gained in this place divided by the number of levels of this place that you have seen.
                   A       B       C       D       E      F
               +-------+-------+-------+-------+-------+----------------------
         Total | 100.0 | 100.0 |   N/A |   N/A | 100.0 |  68.7
       Dungeon | 100.0 | 100.0 |   N/A |   N/A | 100.0 |  68.7
               +-------+-------+-------+-------+-------+----------------------

Table legend: (Time is in decaauts)
 A = Elapsed time spent in this place.
 B = Non-inter-level travel time spent in this place.
 C = Inter-level travel time spent in this place.
 D = Time resting spent in this place.
 E = Time spent auto-exploring this place.
 F = Levels seen in this place.
 G = Mean time per level.
                   A        B        C        D        E       F      G
               +--------+--------+--------+--------+--------+-----+--------+
         Total |   1731 |   1699 |     32 |    384 |   1039 |   3 |  577.0 |
       Dungeon |   1731 |   1699 |     32 |    384 |   1039 |   3 |  577.0 |
               +--------+--------+--------+--------+--------+-----+--------+

Top non-repeatable levels by time:
     D:1: 1003 daAuts
     D:2: 494 daAuts
     D:3: 234 daAuts
